 Dungeon Crawl Stone Soup version bcrawl-1.20 (webtiles) character file.

Game seed: 17751785860590627420

22 Mrkan the Cudgeler (level 2, -5/24 HPs)
             Began as an Oni Skald on Jan 20, 2020.
             Slain by a phantom (8 damage)
             ... on level 2 of the Dungeon.
             The game lasted 00:01:38 (940 turns).

Mrkan the Cudgeler (Oni Skald)                       Turns: 940, Time: 00:01:38

Health: -5/24      AC:  7    Str: 12    XL:     2   Next: 91%
Magic:  6/6        EV: 11    Int: 14    God:
Gold:   58         SH:  0    Dex:  8    Spells: 2/3 levels left

rFire    . . .     SeeInvis .   a - +0 mace
rCold    . . .     Gourm    .   (no shield)
rNeg     . . .     Faith    .   b - +0 leather armour
rPois    .         Spirit   .   (helmet restricted)
rElec    .         Reflect  .   (no cloak)
rCorr    .         Harm     .   (no gloves)
MR       .....                  (no boots)
Stlth    +.........             (no amulet)
HPRegen  0.08/turn              (no ring)
MPRegen  0.10/turn              (no ring)

@: no status effects
A: oni magic, claws 1, fangs 1, horns 1, icy blue scales 1, iridescent scales 1,
clumsy 1, weak 1
a: no special abilities


You were on level 2 of the Dungeon.
You were not hungry.

You visited 1 branch of the dungeon, and saw 2 of its levels.

You collected 58 gold pieces.

Inventory:

Hand Weapons
 a - a +0 mace (weapon)
Armour
 b - a +0 leather armour (worn)
Jewellery
 f - a +3 amulet of reflection {unknown}
Scrolls
 c - 3 scrolls of remove curse {unknown}
 d - a scroll of fear
 g - a scroll of blinking {unknown}
 l - 3 scrolls of teleportation {unknown}
Comestibles
 e - 2 rations {!d}


   Skills:
 + Level 2.2 Fighting
 * Level 2.9 Maces & Flails
 + Level 1.2 Armour
 + Level 2.0 Dodging
 - Level 1.3 Spellcasting
   Level 1.3 Conjurations
   Level 1.3 Hexes
   Level 1.3 Charms
   Level 1.3 Summonings
   Level 1.3 Necromancy
   Level 1.3 Translocations
   Level 1.3 Transmutations
   Level 1.3 Fire Magic
   Level 1.3 Ice Magic
   Level 1.3 Air Magic
   Level 1.3 Earth Magic
   Level 1.3 Poison Magic


You had 2 spell levels left.
You knew the following spells:

 Your Spells              Type           Power        Failure   Level  Hunger
a - Infusion              Chrm           #.......     17%         1    ##.....

Your spell library contained the following spells:

 Spells                   Type           Power        Failure   Level  Hunger
 Apportation              Tloc           #.....       17%         1    ##.....
 Song of Slaying          Chrm           #.......     26%         2    ###....
 Ozocubu's Armour         Chrm/Ice       #.......     50%         3    ####...
 Regeneration             Chrm/Necr      #.........   50%         3    ####...
 Spectral Weapon          Hex/Chrm       #.......     50%         3    ####...


Dungeon Overview and Level Annotations

Branches:
Dungeon (2/12)

Altars:


Innate Abilities, Weirdness & Mutations

You learn spells by gaining experience, not through books or religion.
You only train spellcasting to practice magic.
You have sharp fingernails.
You have very sharp teeth.
You have a pair of small horns on your head.
You are partially covered in icy blue scales. (AC +2)
You are partially covered in iridescent scales. (AC +2)
You are clumsy. (Dex -2)
You are weak. (Str -2)


Message History

The phantom barely misses you. x2
You barely miss the phantom. You headbutt the phantom!
The phantom is almost destroyed.
The phantom blinks!
The phantom hits you.
* * * LOW HITPOINT WARNING * * *
The phantom blinks!
You feel a little less mighty now.
The phantom blinks!
The phantom barely misses you.
You barely miss the phantom.
The phantom is almost destroyed.
The phantom barely misses you.
You closely miss the phantom.
The phantom is almost destroyed.
The phantom hits you but does no damage.
You completely miss the phantom.
The phantom is almost destroyed.
The phantom hits you!
You die...

# #.# #.#
###.####.####
............#
###########.# #
#.# # #.# # #.#
# ##.########.#
###.....W@.)..#
#........####.#
#.#..###.#
#...... ..#
...#..###..#
###...# #..#
##.# .#.. #.
#..# #.#


You could see a phantom.

Vanquished Creatures
  2 dart slugs
  A leopard gecko (D:2)
  A giant cockroach (D:1)
  A goblin (D:2)
  2 hobgoblins (D:1)
  A kobold (D:1)
  A quokka (D:2)
  3 bats (D:1)
  2 frilled lizards (D:1)
  2 rats
16 creatures vanquished.

Notes
Turn   | Place    | Note
-------+----------+-------------------------------------------
     0 | D:1      | Mrkan the Oni Skald began the quest for the Orb.
     0 | D:1      | Reached XP level 1. HP: 17/17 MP: 4/4
    62 | D:1      | Reached skill level 1 in Armour
   263 | D:1      | Reached XP level 2. HP: 24/24 MP: 6/6
   877 | D:2      | Noticed a phantom
   891 | D:2      | Gained mutation: You are weak. (Str -2) [potion of
                  | mutation]
   891 | D:2      | Gained mutation: You are partially covered in iridescent
                  | scales. (AC +2) [potion of mutation]
   891 | D:2      | Gained mutation: You are clumsy. (Dex -2) [potion of
                  | mutation]
   891 | D:2      | Gained mutation: You are partially covered in icy blue
                  | scales. (AC +2) [potion of mutation]
   940 | D:2      | Slain by a phantom

Skill      XL: |  1  2 |
---------------+-------+-----
Armour         | 1 |  1.2
Dodging        | 2 |  2.0
Fighting       | |  2.2
Maces & Flails | |  2.9
Spellcasting   | |  1.3
Conjurations   | |  1.3
Hexes          | |  1.3
Charms         | |  1.3
Summonings     | |  1.3
Necromancy     | |  1.3
Translocations | |  1.3
Transmutations | |  1.3
Fire Magic     | |  1.3
Ice Magic      | |  1.3
Air Magic      | |  1.3
Earth Magic    | |  1.3
Poison Magic   | |  1.3

Action                   || total
-------------------------++-------
Melee: Mace              ||    62
       Headbutt          ||     8
       Bite              ||     1
  Use: Potion            ||     5
Armor: Leather armour    ||     9
       Skin              ||    13
Dodge: Dodged            ||    33
